 Dungeon Crawl Stone Soup version 0.26-a0-487-gbff1e92059 (webtiles) character file.

Game seed: 10024666183934036437

183048 KristoblXynda the Grappler (level 17, 0/158 HPs)
             Began as a Troll Hedge Wizard on Aug 2, 2020.
             Was a High Priest of Ashenzari.
             Slain by an emperor scorpion (1 damage)
             ... on level 3 of the Spider Nest.
             The game lasted 01:14:14 (35492 turns).

KristoblXynda the Grappler (Troll Hedge Wizard)    Turns: 35492, Time: 01:14:15

Health: 0/158      AC: 14    Str: 25    XL:     17   Next: 73%
Magic:  0/23       EV: 19    Int: 15    God:    Ashenzari [*****.]
Gold:   2751       SH:  0    Dex: 17    Spells: 14/26 levels left

rFire    . . .     SeeInvis +     - Unarmed
rCold    + . .     Faith    .   (no shield)
rNeg     . . .     Spirit   +   K - +2 troll leather armour (curse)
rPois    +         Reflect  .   c - +1 hat
rElec    .         Harm     .   v - +1 cloak
rCorr    .         Clarity  +   (gloves unavailable)
MR       +....                  (boots unavailable)
Stlth    ++........             z - amulet of the Skies Above {Spirit rPois Str+3 Dex+4} (curse)
HPRegen  1.16/turn              g - ring of wizardry (curse)
MPRegen  0.18/turn              p - ring "Ciots" {rC+ Dex+4} (curse)

@: lethally poisoned (0 -> -1)
A: large, unfitting armour, claws 3, regeneration 1, shaggy fur 1, tough skin 3
a: Curse Item, Scrying, Transfer Knowledge, Renounce Religion


You were on level 3 of the Spider Nest.
You worshipped Ashenzari.
Ashenzari was extremely pleased with you.
You visited 5 branches of the dungeon, and saw 27 of its levels.
You also visited: Sewer and Ice Cave.

You collected 2898 gold pieces.
You spent 147 gold pieces at shops.

Inventory:

Armour
 c - a +1 hat (worn)
 v - a +1 cloak (worn)
 D - a +0 kite shield of reflection
 K - a cursed +2 troll leather armour (worn)
Jewellery
 g - a cursed ring of wizardry (left claw)
 p - the cursed ring "Ciots" (right claw) {rC+ Dex+4}
   (You found it in an ice cave)

   [ring of protection from cold]

   It affects your dexterity (+4).
   It protects you from cold.
   It has a curse placed upon it.
 z - the cursed amulet of the Skies Above (around neck) {Spirit rPois Str+3 Dex+4}
   (You found it in an ice cave)

   [amulet of guardian spirit]

   It causes incoming damage to be split between your health and magic.
   It affects your strength (+3).
   It affects your dexterity (+4).
   It protects you from poison.
   It has a curse placed upon it.
Wands
 u - a wand of paralysis (24)
 w - a wand of clouds (6)
 B - a wand of iceblast (5)
 C - a wand of disintegration (14)
Scrolls
 h - 3 scrolls of remove curse
 m - 2 scrolls of teleportation
 o - 10 scrolls of amnesia
 q - 3 scrolls of immolation
 t - 2 scrolls of vulnerability
 y - a scroll of magic mapping
 A - 2 scrolls of enchant armour
 L - 5 scrolls of identify
 N - a scroll of fog
Potions
 a - 4 potions of curing
 d - 4 potions of berserk rage
 e - 3 potions of might
 f - 6 potions of mutation
 i - 2 potions of flight
 j - 5 potions of cancellation
 l - 5 potions of stabbing
 n - a potion of magic
 s - 4 potions of invisibility
 x - 7 potions of brilliance
 G - 5 potions of lignification
 J - 2 potions of haste
Miscellaneous
 b - a tin of tremorstones (3/3)
 k - a lightning rod (4/4)
 r - a phantom mirror


   Skills:
 + Level 7.8 Fighting
   Level 3.0 Maces & Flails
 - Level 8.0 Armour
 + Level 13.1 Dodging
 - Level 1.0 Stealth
 + Level 14.7 Unarmed Combat
 - Level 5.0 Spellcasting
 - Level 8.9(12.8) Conjurations
   Level 0.6(2.4) Summonings
   Level 0.6(2.4) Translocations
 - Level 2.9(6.3) Transmutations
 + Level 9.7(13.5) Fire Magic
 - Level 6.0(10.0) Evocations


You had 14 spell levels left.
You knew the following spells:

 Your Spells              Type           Power        Failure   Level
a - Dispel Undead         Necr           #.......     45%         4
b - Mephitic Cloud        Conj/Pois/Air  ###.....     3%          3
c - Beastly Appendage     Tmut           ###...       1%          1
d - Sticky Flame          Conj/Fire      #####...     1%          4

Your spell library contained the following spells:

 Spells                   Type           Power        Failure   Level
 Magic Dart               Conj           ####         1%          1
 Shock                    Conj/Air       ###.         1%          1
 Wereblood                Tmut           ###.....     1%          2
 Conjure Flame            Conj/Fire      #####...     1%          3
 Iskenderun's Mystic Bla  Conj/Tloc      ####....     3%          4
 Blink                    Tloc           N/A          4%          2
 Call Imp                 Summ           ##......     4%          2
 Hailstorm                Conj/Ice       ###.....     4%          4
 Spider Form              Tmut/Pois      ##........   5%          3
 Freeze                   Ice            #...         6%          1
 Corpse Rot               Necr/Air       N/A          9%          2
 Slow                     Hex            #.......     9%          2
 Sublimation of Blood     Necr           #.........   9%          2
 Frozen Ramparts          Ice            #.....       16%         3
 Ozocubu's Armour         Ice            #.......     16%         3
 Blade Hands              Tmut           ###.......   16%         5
 Ice Form                 Ice/Tmut       ##......     17%         4
 Summon Ice Beast         Ice/Summ       #.......     36%         4
 Agony                    Necr           #.......     80%         5
 Excruciating Wounds      Necr           #.........   80%         5
 Spellforged Servitor     Conj/Summ      ####......   92%         7


Dungeon Overview and Level Annotations

Branches:
Dungeon (15/15)            Temple (1/1) D:7            Lair (6/6) D:8
 Shoals (0/4) Lair:4       Spider (3/4) Lair:2        Slime (0/5) Lair:5
    Orc (2/2) D:11            Elf (0/3) Orc:2        Vaults (0/5) D:13
 Depths (0/5) D:15          Sewer (visited)           IceCv (visited)

Altars:
Ashenzari
Cheibriados
Dithmenos
Elyvilon
Fedhas
Gozag
Hepliaklqana
Kikubaaqudgha
Makhleb
Nemelex Xobeh
Okawaru
Qazlal
Ru
Sif Muna
Trog
Uskayaw
Vehumet
Wu Jian
Xom
Yredelemnul
Zin
The Shining One

Shops:
D:4 (   D:5 (   D:7 }!!*   D:9 *   D:11 [   Orc:1 [   Orc:2 :*[([

Portals:
Trove: D:15 (give horn of Geryon)

Annotations:
D:8 1 runed translucent door, Infinimo's ghost, novice DsTm
Spider:2 Roxanne


Innate Abilities, Weirdness & Mutations

You are too large for most types of armour.
You have claws for hands.
Your natural rate of healing is unusually fast.
You are covered in fur. (AC +1)
You have extremely tough skin. (AC +3)


Message History

The emperor scorpion is covered in liquid flames!
You feel sick.
The emperor scorpion burns!
The emperor scorpion stings you!!
* * * LOW HITPOINT WARNING * * *
The emperor scorpion claws you but does no damage.
The emperor scorpion barely misses you.
You feel sick.
The emperor scorpion burns!
You feel sick.
The emperor scorpion burns!
You feel sick.
The emperor scorpion burns!
You feel sick.
The emperor scorpion burns!
You feel sick.
The emperor scorpion burns!
The emperor scorpion stops burning.
You feel sick.
You feel sick.
You feel sick.
You feel sick.
You feel sick.
There is a stone staircase leading up here.
You feel sick. The emperor scorpion stings you!!
* * * LOW HITPOINT WARNING * * *
The emperor scorpion claws you.
You die...

*#....#......#.####
*#...##......#...#
.####,#.....##...#*
. .###...###.#...#
..*#.#........#...#
...#.#........#####
...#.#........#...#
#..#††^...###..# ##
#........#^.s@#
#..#^.#....##...##
#....###.......##
###....##......#
,##....####..##*
**......# #..# * *
^.......#### ,*
#....#^### , , *
##.#.###, *∆ ,,


You could see an emperor scorpion.

Vanquished Creatures
  Rupert (Spider:1)
  Jorgrun (Orc:1)
  Agnes (D:14)
  Kirke (Lair:4)
  Frances (Spider:1)
  A ghost moth (Spider:1)
  5 emperor scorpions
  A frost giant (IceCv)
  Louise (Spider:1)
  An orc warlord (Orc:2)
  Nessos (D:14)
  Josephine (D:10)
  5 fire dragons
  A vault guard (D:13)
  Harold (Lair:2)
  7 hydras
  A centaur warrior (D:14)
  A death knight (D:15)
  2 death yaks (IceCv)
  6 two-headed ogres
  Urug (Lair:1)
  A tengu warrior (D:14)
  4 orc high priests
  A fire crab (Lair:6)
  Nergalle (D:10)
  2 unseen horrors
  12 skeletal warriors
  An unseen horror (shapeshifter) (D:13)
  2 wizards (D:13)
  6 orc knights
  2 necromancers (D:13)
  Pikel (D:8)
  2 phantasmal warriors (D:15)
  8 orb spiders
  10 wolf spiders
  6 orc sorcerers
  An orb spider (shapeshifter) (D:15)
  An ugly thing (D:15)
  6 black mambas
  7 cyclopes
  2 deep elf magi
  A manticore (D:12)
  3 elephants (Lair:3)
  4 centaur zombies
  A merfolk siren (Lair:4)
  2 molten gargoyles (Lair:6)
  6 cane toads
  An ice statue (IceCv)
  9 komodo dragons
  3 freezing wraiths
  A kobold demonologist (D:15)
  4 yaktaurs (D:15)
  An efreet (D:15)
  A rime drake (Lair:5)
  2 demonic crawlers
  6 hornets
  3 merfolk (Lair:4)
  A tengu conjurer (D:14)
  28 jumping spiders
  8 trolls
  13 polar bears
  10 blink frogs
  8 slime creatures
  10 hippogriffs
  A meliai zombie (D:13)
  A hippogriff (shapeshifter) (D:15)
  8 wraiths
  52 redbacks
  A shadow (D:15)
  A spriggan (shapeshifter) (D:15)
  A vampire (D:14)
  A hog (shapeshifter) (D:15)
  A tarantella (shapeshifter) (D:15)
  10 tarantellas
  7 wyverns
  Grum (D:8)
  35 yaks
  6 fire bats (D:11)
  19 humans (D:13)
  3 basilisks
  2 steam dragons (Lair:6)
  A human (shapeshifter) (D:14)
  3 hogs (Lair:4)
  Menkaure (D:4)
  3 wargs
  A soldier ant (D:13)
  4 hell hounds (Lair:6)
  A porcupine (shapeshifter) (D:15)
  10 porcupines
  8 water moccasins
  32 orc warriors
  Purgy (Sewer)
  5 ice beasts
  A black bear (shapeshifter) (D:13)
  5 sky beasts
  2 black bears
  3 necrophages
  3 phantoms
  11 ogres
  29 wolves
  8 centaurs
  5 boggarts (D:15)
  9 crocodiles
  2 lemures (D:8)
  15 bullfrogs
  3 big kobolds
  10 scorpions
  11 killer bees
  13 wights
  4 electric eels
  8 howler monkeys
  A crimson imp (D:12)
  2 bullfrog zombies
  4 lava snakes (Lair:6)
  A quasit (D:13)
  7 jellies
  Crazy Yiuf (D:7)
  3 centaur skeletons
  23 orc priests
  7 hounds
  A bullfrog skeleton (D:9)
  Jessica (D:2)
  5 iguanas
  23 orc wizards
  13 worker ants
  2 hound zombies
  A hound skeleton (D:11)
  2 worker ant zombies
  6 gnolls
  A river rat (D:3)
  13 adders
  A shadow imp (D:9)
  17 white imps
  6 ufetubi
  4 oozes
  2 adder zombies
  An adder skeleton (D:4)
  3 worms
  2 leopard geckos
  86 orcs
  13 bats
  8 giant cockroaches
  2 goblins (D:3)
  11 hobgoblins
  10 jackals
  8 quokkas
  A ball python (D:2)
  A ball python skeleton (D:4)
  9 frilled lizards
  A giant cockroach zombie (D:6)
  17 kobolds
  A leopard gecko skeleton (D:5)
  A leopard gecko zombie (D:8)
  3 quokka zombies
  8 rats
  A plant (Lair:2)
939 creatures vanquished.

Vanquished Creatures (collateral kills)
  A redback (Spider:1)
  2 orcs (D:11)
3 creatures vanquished.

Vanquished Creatures (others)
  Donald (Spider:1)
  A wolf spider (Spider:2)
  A jumping spider (Spider:2)
  A hornet (Spider:1)
  An orc warrior (D:11)
  A sky beast (D:15)
  2 electric eels (Lair:6)
  A fungus (Lair:2)
  7 plants (D:8)
16 creatures vanquished.

Grand Total: 958 creatures vanquished

Notes
Turn   | Place    | Note
-------+----------+-------------------------------------------
     0 | D:1      | KristoblXynda the Troll Hedge Wizard began the quest for
                  | the Orb.
     0 | D:1      | Reached XP level 1. HP: 16/16 MP: 2/2
   158 | D:1      | Reached skill level 1 in Conjurations
   215 | D:1      | Reached skill level 1 in Unarmed Combat
   251 | D:1      | Reached XP level 2. HP: 24/24 MP: 4/4
   610 | D:2      | Found a snail-covered altar of Cheibriados.
   645 | D:2      | Noticed Jessica
   669 | D:2      | Killed Jessica
   669 | D:2      | Reached skill level 2 in Unarmed Combat
   669 | D:2      | Reached XP level 3. HP: 18/31 MP: 5/5
   845 | D:2      | Found a sacrificial altar of Ru.
   998 | D:2      | Reached XP level 4. HP: 39/39 MP: 6/6
  1384 | D:2      | Learned a level 3 spell: Mephitic Cloud
  1540 | D:3      | Reached skill level 3 in Unarmed Combat
  1547 | D:3      | Found a glowing drain.
  1551 | Sewer    | Entered a sewer
  1583 | Sewer    | Noticed Purgy
  1597 | Sewer    | Killed Purgy
  1597 | Sewer    | Reached XP level 5. HP: 20/45 MP: 7/7
  1749 | D:3      | Found a glowing silver altar of Zin.
  2249 | D:4      | Reached skill level 4 in Unarmed Combat
  2250 | D:4      | Reached XP level 6. HP: 53/53 MP: 8/8
  2524 | D:4      | Found Ciaqok's Weapon Emporium.
  2815 | D:4      | Noticed Menkaure
  2822 | D:4      | Killed Menkaure
  2822 | D:4      | Reached skill level 5 in Unarmed Combat
  2822 | D:4      | Reached XP level 7. HP: 48/59 MP: 9/9
  3260 | D:5      | Entered Level 5 of the Dungeon
  3260 | D:5      | Found Edacs's Weapon Shop.
  3804 | D:5      | Found a blossoming altar of Fedhas.
  3955 | D:5      | Reached skill level 6 in Unarmed Combat
  4055 | D:5      | Reached XP level 8. HP: 66/67 MP: 10/10
  4168 | D:5      | Reached skill level 5 in Conjurations
  4941 | D:6      | Reached skill level 7 in Unarmed Combat
  5142 | D:6      | Reached XP level 9. HP: 31/74 MP: 11/11
  5918 | D:7      | Found a staircase to the Ecumenical Temple.
  5930 | Temple   | Entered the Ecumenical Temple
  6021 | Temple   | Became a worshipper of Ashenzari the Shackled
  6264 | D:7      | Found Lutaf's Distillery.
  6270 | D:7      | Bought a potion of heal wounds for 70 gold pieces
  6302 | D:7      | Found Raunaes's Distillery.
  6389 | D:7      | Reached skill level 5 in Dodging
  6417 | D:7      | Noticed a two-headed ogre
  6490 | D:7      | Killed a two-headed ogre
  6490 | D:7      | Reached skill level 8 in Unarmed Combat
  6715 | D:7      | Found Echugej's Elemental Accessories.
  6975 | D:7      | Found a runed translucent door.
  6976 | D:7      | Noticed Crazy Yiuf
  6982 | D:7      | Killed Crazy Yiuf
  6986 | D:7      | Got the cursed mace of Kued {speed, rElec rPois MR+ SInv}
  6993 | D:7      | Identified the cursed +1 mace of Kued {speed, rElec rPois
                  | MR+ SInv} (You found it on level 7 of the Dungeon)
  6994 | D:7      | Identified the +8 mace "Murmur" {flame, Dex+5}
  7267 | D:7      | Found Focudu's Gadget Boutique.
  7275 | D:7      | Bought a wand of paralysis (5) for 77 gold pieces
  7394 | D:8      | Found a staircase to the Lair.
  7444 | D:8      | Noticed Pikel
  7466 | D:8      | Killed Pikel
  7466 | D:8      | Reached skill level 9 in Unarmed Combat
  7466 | D:8      | Reached XP level 10. HP: 44/81 MP: 12/12
  7562 | D:8      | Learned a level 1 spell: Beastly Appendage
  7569 | D:8      | Found a runed translucent door.
  7571 | D:8      | Noticed Infinimo's ghost (novice DsTm)
  7572 | D:8      | Identified the +8 trident of Wealth {flame, +Blink rC+
                  | Int+4}
  7778 | D:8      | Noticed Erica
  7805 | D:8      | Noticed Erica
  7805 | D:8      | Erica changed into Erica the two-headed ogre
  7816 | D:8      | Killed Erica the two-headed ogre
  8029 | D:8      | Reached * piety under Ashenzari
  8214 | D:8      | Noticed Grum
  8257 | D:8      | Killed Grum
  8845 | D:9      | Found Ceic's Assorted Antiques.
  8908 | D:9      | Reached skill level 10 in Unarmed Combat
  9145 | D:9      | Noticed a two-headed ogre
  9160 | D:9      | Killed a two-headed ogre
  9433 | D:9      | Reached XP level 11. HP: 70/88 MP: 13/13
  9511 | D:9      | Found a sparkling altar of Nemelex Xobeh.
  9635 | D:9      | Found a burning altar of Makhleb.
  9635 | D:9      | Found an ornate altar of the Wu Jian Council.
  9894 | D:10     | Entered Level 10 of the Dungeon
  9896 | D:10     | Noticed Josephine
 10248 | D:10     | Reached ** piety under Ashenzari
 10270 | D:10     | Noticed Nergalle
 10281 | D:10     | Killed Josephine
 10281 | D:10     | Reached skill level 1 in Armour
 10912 | D:11     | Found a frozen archway.
 10981 | IceCv    | Entered an ice cave
 11550 | IceCv    | Reached skill level 11 in Unarmed Combat
 11806 | IceCv    | Noticed a death yak
 11825 | IceCv    | Killed a death yak
 12502 | IceCv    | Reached XP level 12. HP: 39/96 MP: 14/14
 12857 | IceCv    | Reached skill level 1 in Evocations
 13054 | IceCv    | Noticed a death yak
 13063 | IceCv    | Killed a death yak
 13064 | IceCv    | Noticed a frost giant
 13103 | IceCv    | Killed a frost giant
 13107 | IceCv    | HP: 6/144 [polar bear (7)]
 13249 | IceCv    | Identified the ring "Ciots" {rC+ Dex+4}
 13267 | IceCv    | Identified the amulet of the Skies Above {Spirit rPois
                  | Str+3 Dex+4}
 13963 | D:11     | Found a staircase to the Orcish Mines.
 13963 | D:11     | Found Zeiq Yhe's Armour Shop.
 14194 | D:11     | Noticed a fire dragon
 14195 | D:11     | Found the +7 great mace "Firestarter" {inner flame, rF++}
 14214 | D:11     | Reached skill level 12 in Unarmed Combat
 14215 | D:11     | Reached skill level 5 in Armour
 14355 | D:11     | Killed a fire dragon
 14508 | D:11     | Reached skill level 1 in Maces & Flails
 15443 | D:12     | Reached skill level 1 in Fighting
 15443 | D:12     | Reached XP level 13. HP: 88/105 MP: 11/15
 15764 | D:12     | Reached *** piety under Ashenzari
 16128 | D:13     | Reached skill level 10 in Dodging
 16406 | D:10     | Killed Nergalle
 16979 | D:13     | Noticed a fire dragon
 16992 | D:13     | Killed a fire dragon
 17587 | D:13     | Reached skill level 5 in Evocations
 18110 | D:13     | Found a gate to the Vaults.
 19070 | D:14     | Noticed Agnes
 19097 | D:14     | Killed Agnes
 19097 | D:14     | Reached XP level 14. HP: 47/124 MP: 1/18
 19230 | D:14     | Found a white marble altar of Elyvilon.
 19498 | D:14     | Noticed Nessos
 19526 | D:14     | Killed Nessos
 19689 | D:14     | Reached skill level 5 in Fighting
 20160 | D:15     | Entered Level 15 of the Dungeon
 20162 | D:15     | Found a sparkling altar of Nemelex Xobeh.
 20199 | D:15     | Reached skill level 1 in Transmutations
 20621 | D:15     | Found a shattered altar of Ashenzari.
 21281 | D:15     | Found a portal to a secret trove of treasure.
 21563 | D:15     | Found a staircase to the Depths.
 22014 | Lair:1   | Entered Level 1 of the Lair of Beasts
 22279 | Lair:1   | Noticed Urug
 22312 | Lair:1   | Killed Urug
 22946 | Lair:2   | Reached skill level 5 in Spellcasting
 23231 | Lair:2   | Reached **** piety under Ashenzari
 23410 | Lair:2   | Found a hole to the Spider Nest.
 23415 | Lair:2   | Noticed Harold
 23460 | Lair:2   | Killed Harold
 24546 | Lair:3   | Reached XP level 15. HP: 137/137 MP: 21/21
 25053 | Lair:4   | Reached skill level 13 in Unarmed Combat
 25151 | Lair:4   | Noticed Kirke
 25216 | Lair:4   | Killed Kirke
 25319 | Lair:4   | Found a staircase to the Shoals.
 25971 | Lair:5   | Reached ***** piety under Ashenzari
 26313 | Lair:5   | Found a staircase to the Slime Pits.
 26332 | Lair:5   | Got the whip "Gongorph" {holy, rF+ rN+ Str+4}
 26618 | Lair:6   | Entered Level 6 of the Lair of Beasts
 26619 | Lair:6   | Identified a scroll of acquirement
 26621 | Lair:6   | Acquired Riocaed's Papyrus of Confrontation
 26630 | Lair:6   | Learned a level 4 spell: Sticky Flame
 26964 | Lair:6   | Reached skill level 1 in Fire Magic
 27669 | Lair:6   | Found a large runed translucent door.
 27674 | Lair:6   | Found a large runed translucent door.
 28442 | Orc:1    | Entered Level 1 of the Orcish Mines
 29509 | Orc:1    | Found Jyne's Armour Boutique.
 29539 | Orc:2    | Entered Level 2 of the Orcish Mines
 29543 | Orc:2    | Noticed Jorgrun
 29746 | Orc:1    | Killed Jorgrun
 29955 | Orc:2    | Noticed an orc warlord
 30129 | Orc:2    | Found a staircase to the Elven Halls.
 30161 | Orc:2    | Killed an orc warlord
 30297 | Orc:2    | Found a bloodstained altar of Trog.
 30310 | Orc:2    | Reached skill level 5 in Fire Magic
 30381 | Orc:2    | Found Udotil's Armour Boutique.
 30429 | Orc:2    | HP: 5/140 [orc knight/+0 broad axe (14)]
 30434 | Orc:2    | HP: 5/140 [orc wizard/magic dart (6)]
 31072 | Orc:2    | Found Towaehuo's Antique Armour Shop.
 31073 | Orc:2    | Found Rerchumpi's Antique Weapon Shop.
 31075 | Orc:2    | Found Numopp's General Store.
 31075 | Orc:2    | Found Nakiopt's Book Boutique.
 31588 | Spider:1 | Entered Level 1 of the Spider Nest
 31643 | Spider:1 | Reached XP level 16. HP: 139/149 MP: 18/22
 31762 | Spider:1 | Noticed Frances
 31789 | Spider:1 | Killed Frances
 31789 | Spider:1 | Reached skill level 14 in Unarmed Combat
 32248 | Spider:1 | Learned a level 4 spell: Dispel Undead
 32488 | Spider:1 | Noticed Donald
 32521 | Spider:1 | Killed Donald
 32775 | Spider:1 | Noticed Louise
 32792 | Spider:1 | Killed Louise
 32959 | Spider:1 | Noticed Rupert
 32974 | Spider:1 | Killed Rupert
 34329 | Spider:1 | Reached XP level 17. HP: 156/156 MP: 23/23
 34398 | Spider:2 | Identified Roxanne's Papyrus of the Mountains
 34398 | Spider:2 | Noticed Roxanne
 35492 | Spider:3 | HP: 1/158 [emperor scorpion (23)]
 35492 | Spider:3 | Slain by an emperor scorpion

Illustrated notes

Levels and vault maps discovered:
D:1:      lightli_arrival_statue_moat, layout_loops_cross
D:2:      layout_loops_ring, cheibriados_altar_1,
          nicolae_ru_sacrificial_ziggurat, uniq_jessica
D:3:      layout_loops_ring, zin_statuary, gup_sewer_entry_bowl, serial_glass,
          glass_columns_a, glass_columns_a, glass_columns_a, glass_columns_c,
          glass_columns_c
D:4:      mumra_celtic_spiral_tile, layout_rooms, serial_shops,
          nicolae_shop_crystal, hangedman_abyss_or_decor_stabs, uniq_menkaure
D:5:      cheibrodos_barr_body, layout_layer_cave, serial_shops,
          nicolae_shop_statue_plus, fedhas_bush_and_centaur_altar
D:6:      layout_loops_ring
D:7:      layout_loops_ring, minmay_temple_entry_junction_2, serial_shops, shop,
          shop_statue, shop, minmay_splitting_lines, st_stairs_9,
          nicolae_elemental_shop, uniq_crazy_yiuf_cottage
D:8:      layout_loops_cross, lair_entry_dummy, ebering_ghost_funeral_grove,
          uniq_erica, uniq_grum, uniq_pikel
D:9:      layout_roguey, nemelex_altar_shiori, amethyst_overflow_temple_binary,
          serial_shops, shop, minivault_25_ag
D:10:     layout_cave_pools, uniq_nergalle, uniq_josephine
D:11:     minmay_firetagon, layout_basic, orc_david_3,
          portal_ice_cave_entry_imps, palyth_stone_intersect
D:12:     layout_long_grid, minivault_23, minmay_fire_ice_demons
D:13:     cheibrodos_elevator_heist, layout_basic, grunt_vaults_entry_tiered,
          lemuel_flamethrower_3
D:14:     layout_basic, minivault_19, elyvilon_altar_1, uniq_agnes, uniq_nessos
D:15:     gammafunk_enter_depths_forms, layout_basic,
          nicolae_ashenzari_panopticon, basic_altar,
          nicolae_trove_entry_crystal, grunt_ministairs_8, serial_park_tiny_1
Temple:   lightli_temple_of_artemis
Lair:1:   layout_chaotic_city, serial_bayou_shore_b, grunt_megastairs_1,
          uniq_urug
Lair:2:   dragon1_lemuel, layout_gridlike, nicolae_spider_entry_tight_spaces,
          serial_bayou_pond_b, uniq_harold
Lair:3:   layout_gridlike
Lair:4:   layout_hall_layers, elwin_shoals_entry_stream, lemuel_fruit_tree,
          uniq_kirke
Lair:5:   layout_loops_ring, nicolae_slime_entry_slimehenge, patterned_corridor
Lair:6:   cheibrodos_lair_end_hotspot, layout_big_grid, disabler_island
Spider:1: layout_spider_delve, uniq_frances, uniq_donald, uniq_rupert,
          uniq_louise
Spider:2: layout_spider_delve, guppyfry_hornet_nest, uniq_roxanne
Spider:3: layout_spider_delve
Orc:1:    layout_caves, serial_shops, shop, rock_pile
Orc:2:    st_orc_congregation, layout_caves, serial_shops, shop, trog_book,
          uniq_jorgrun

Skill      XL: |  1  2  3  4  5  6  7  8  9 10 11 12 13 14 15 16 17 |
---------------+----------------------------------------------------+-----
Conjurations   | 1 2 3 4 5 6 7 8 |  8.9
Unarmed Combat | 1 2 3 4 5 6 7 9 10 11 12 13 14 | 14.7
Dodging        | 2 4 6 7 8 9 10 11 12 13 | 13.1
Armour         | 3 5 6 7 8 |  8.0
Evocations     | 3 5 6 |  6.0
Maces & Flails | 1 3 |  3.0
Fighting       | 1 4 6 7 |  7.8
Spellcasting   | 3 5 |  5.0
Transmutations | 2 |  2.9
Fire Magic     | 5 9 |  9.7
Stealth        | |  1.0
Summonings     | |  0.6
Translocations | |  0.6

Action                   |  1- 3 |  4- 6 |  7- 9 | 10-12 | 13-15 | 16-18 || total
-------------------------+-------+-------+-------+-------+-------+-------++-------
Melee: Unarmed           |   105 |   176 |   367 |   985 |  1630 |   397 ||  3660
       Punch             |       |     2 |     6 |    51 |   141 |    37 ||   237
       Mace              |       |       |     2 |       |       |       ||     2
       Scimitar          |       |       |       |       |     4 |       ||     4
       Great mace        |       |       |       |       |    46 |       ||    46
 Cast: Mephitic Cloud    |       |       |     1 |    23 |    58 |    35 ||   117
       Sticky Flame      |       |       |       |       |    12 |    21 ||    33
Invok: Curse Item        |       |       |     2 |     2 |     1 |       ||     5
Evoke: Wand              |       |       |     1 |     7 |    11 |     7 ||    26
  Use: Scroll            |       |     9 |     9 |     9 |    18 |     2 ||    47
       Potion            |       |       |     3 |     7 |     5 |     1 ||    16
 Stab: Sleeping          |     1 |     3 |     2 |     3 |     4 |       ||    13
       Confused          |       |       |       |    16 |    54 |    24 ||    94
       Paralysed         |       |       |       |     6 |    13 |       ||    19
       Distracted        |       |       |       |       |     1 |       ||     1
       Held in net/web   |       |       |       |       |       |     1 ||     1
Armor: Robe              |    38 |    84 |    94 |   323 |   122 |       ||   661
       Skin              |       |       |     8 |    12 |       |       ||    20
       Troll leather arm |       |       |       |       |   310 |   215 ||   525
Dodge: Dodged            |    46 |   109 |   185 |   595 |  1378 |   532 ||  2845

Table legend: (Time is in decaauts)
 A = Elapsed time spent in this place.
 B = Non-inter-level travel time spent in this place.
 C = Inter-level travel time spent in this place.
 D = Time resting spent in this place.
 E = Time spent auto-exploring this place.
 F = Levels seen in this place.
 G = Mean time per level.
                   A        B        C        D        E       F      G
               +--------+--------+--------+--------+--------+-----+--------+
         Total |  34974 |  33399 |   1575 |  10919 |  13690 |  29 | 1206.0 |
       Dungeon |  19527 |  18659 |    868 |   6066 |   8081 |  15 | 1301.8 |
        Temple |    114 |     95 |     19 |      0 |     77 |   1 |  114.0 |
          Lair |   6551 |   6077 |    474 |   1343 |   3375 |   6 | 1091.8 |
   Spider Nest |   3554 |   3411 |    143 |   1058 |   1177 |   3 | 1184.7 |
  Orcish Mines |   2526 |   2456 |     70 |    915 |    716 |   2 | 1263.0 |
         Sewer |    114 |    114 |      0 |     22 |      0 |   1 |  114.0 |
      Ice Cave |   2585 |   2585 |      0 |   1514 |    263 |   1 | 2585.0 |
               +--------+--------+--------+--------+--------+-----+--------+

Top non-repeatable levels by time:
   IceCv: 2585 daAuts
    D:13: 2403 daAuts
Spider:1: 2290 daAuts
     D:9: 1789 daAuts
    D:11: 1764 daAuts
    D:15: 1661 daAuts
     D:5: 1613 daAuts
     D:8: 1479 daAuts
   Orc:1: 1379 daAuts
  Lair:2: 1366 daAuts
     D:7: 1290 daAuts
  Lair:5: 1288 daAuts
    D:12: 1256 daAuts
    D:14: 1231 daAuts
   Orc:2: 1147 daAuts
